[Event "ISR-chT 2019"]
[Site "Israel"]
[Date "2019.02.22"]
[Round "7.31"]
[White "Efimenko, Zahar"]
[Black "Sivuk, Vitaly"]
[Result "1-0"]
[ECO "B51"]
[WhiteElo "2635"]
[BlackElo "2519"]
[Annotator "ChessBase"]
[PlyCount "73"]
[EventDate "2019.01.04"]
[EventType "team-tourn"]
[EventCountry "ISR"]
[SourceTitle "playchess.com"]
[Source "ChessBase"]
[SourceQuality "1"]
[TimeControl "40/5400+30:1800+30"]

1. e4 c5 2. Nf3 d6 3. Bb5+ Nd7 4. O-O a6 5. Bd3 Ngf6 6. Re1 b5 7. c4 b4 8. a3 e5 9. axb4 cxb4 10. Bc2 Be7 11. d4 Qc7 12. b3 O-O 13. Nbd2 Bb7 14. Bb2 Rfe8 15. h3 Bf8 16. Rc1 Rad8 17. c5 dxc5 18. dxe5 Nh5 19. Qe2 Nf4 20. Qe3 Ng6 21. Nc4 f6 22. exf6 Nxf6 23. Bxf6 gxf6 24. e5 fxe5 25. Bxg6 hxg6 26. Nfxe5 Re6 27. Qg3 Rd4 28. Rcd1 Qd8 29. Rxd4 Qxd4 30. Re3 Bd6 31. Nxd6 Qxd6 32. f4 Rf6 33. Rd3 Bd5 34. Qg5 Kg7 35. Nc4 Qxf4 36. Qxf4 Rxf4 37. Rxd5 1-0

[Event "ISR-chT 2019"]
[Site "Israel"]
[Date "2019.02.22"]
[Round "7.32"]
[White "Rechlis, Gad"]
[Black "Dvoirys, Semen I."]
[Result "0-1"]
[ECO "A25"]
[WhiteElo "2526"]
[BlackElo "2519"]
[Annotator "ChessBase"]
[PlyCount "124"]
[EventDate "2019.01.04"]
[EventType "team-tourn"]
[EventCountry "ISR"]
[SourceTitle "playchess.com"]
[Source "ChessBase"]
[SourceQuality "1"]
[TimeControl "40/5400+30:1800+30"]

1. c4 e5 2. g3 Nc6 3. Bg2 g6 4. Nc3 Bg7 5. e3 f5 6. d3 Nf6 7. Nge2 O-O 8. Rb1 Ne7 9. O-O g5 10. f4 exf4 11. exf4 g4 12. Be3 d6 13. Re1 Ng6 14. Bf2 h5 15. Nd4 h4 16. Ne6 Bxe6 17. Rxe6 Qd7 18. Qe2 c6 19. Re1 Rfe8 20. a4 Kf7 21. Rxe8 Rxe8 22. Qd2 Rxe1+ 23. Qxe1 a6 24. a5 h3 25. Bh1 Qe6 26. Qd1 Nd7 27. Na4 Ne7 28. Kf1 d5 29. Qb3 dxc4 30. dxc4 Nc8 31. Qd3 Nd6 32. b3 Ke8 33. Bd4 Bxd4 34. Qxd4 Kd8 35. Kf2 Kc7 36. Qg7 Kd8 37. Qh8+ Kc7 38. Qd4 Kd8 39. Nc3 Kc7 40. Na4 Qe7 41. Nb6 Nf7 42. b4 Qe6 43. Na8+ Kc8 44. Nb6+ Nxb6 45. axb6 Nd6 46. Qg7 Qd7 47. Qd4 Ne4+ 48. Ke3 Qxd4+ 49. Kxd4 Nf2 50. Bxc6 bxc6 51. Ke5 Nd3+ 52. Kxf5 Nxb4 53. Ke4 a5 54. Kd4 a4 55. Kc3 c5 56. Kb2 Nd3+ 57. Ka3 Kb7 58. f5 Kxb6 59. f6 Ne5 60. Kxa4 Ka6 61. Kb3 Ka5 62. Kc3 Ka4 0-1

[Event "ISR-chT 2019"]
[Site "Israel"]
[Date "2019.02.22"]
[Round "7.34"]
[White "Drori, Saar"]
[Black "Shvayger, Yuliya"]
[Result "1/2-1/2"]
[ECO "B32"]
[WhiteElo "2383"]
[BlackElo "2374"]
[Annotator "NA"]
[PlyCount "66"]
[EventDate "2019.01.04"]
[EventType "team-tourn"]
[EventCountry "ISR"]
[SourceTitle "playchess.com"]
[Source "ChessBase"]
[SourceQuality "1"]
[TimeControl "40/5400+30:1800+30"]

1. e4 c5 2. Nf3 Nc6 3. d4 cxd4 4. Nxd4 e5 5. Nb5 d6 6. c4 Be7 7. N1c3 a6 8. Na3 f5 9. exf5 Bxf5 10. Be3 {[%emt 0:01:51] B32: Sicilian: Löwenthal and Kalashnikov Variations} (10. Nc2 Nf6 11. Bd3 Be6 12. O-O O-O 13. b3 Qd7 14. Bb2 Bd8 15. Ne4 Bb6 16. Qe2 Rad8 17. Kh1 Nxe4 18. Bxe4 {½-½ (50) Yu,Y (2764)-Potapov,P (2516) St Petersburg 2018}) 10... Nf6 11. Be2 O-O 12. O-O Qd7 13. Rc1 Kh8 $146 ({Predecessor:} 13... Rae8 14. Nd5 Nxd5 15. cxd5 Nb8 16. Nc4 b5 {1-0 (41) Bakos,L (2032)-Toth,D (2240) Eger 2008}) 14. Nd5 Rae8 15. Nb6 Qd8 16. Nb1 Ne4 17. Nd5 Bg5 18. Nbc3 Nd4 19. Bd3 Nxc3 20. Rxc3 Bxe3 21. fxe3 Bxd3 22. Rxd3 Rxf1+ 23. Qxf1 Rf8 24. Qd1 Ne6 $14 25. Qg4 Qe8 26. h3 Qf7 27. Rd2 Nc5 28. Kh2 Qf1 29. b4 Nd3 30. Rd1 Ne1 31. Rd2 Nd3 32. Rd1 Ne1 33. Rd2 Nd3 1/2-1/2

[Event "ISR-chT 2019"]
[Site "Israel"]
[Date "2019.02.22"]
[Round "7.35"]
[White "Vydeslaver, Alik"]
[Black "Botvinnik, Mikhail"]
[Result "1-0"]
[ECO "A89"]
[WhiteElo "2388"]
[BlackElo "2368"]
[Annotator "NA"]
[PlyCount "75"]
[EventDate "2019.01.04"]
[EventType "team-tourn"]
[EventCountry "ISR"]
[SourceTitle "playchess.com"]
[Source "ChessBase"]
[SourceQuality "1"]
[TimeControl "40/5400+30:1800+30"]

1. c4 f5 2. Nc3 Nf6 3. g3 g6 4. Bg2 Bg7 5. Nf3 O-O 6. O-O d6 7. d4 Nc6 8. d5 Na5 9. Nd2 c5 10. a3 Ng4 11. e3 b6 12. Qc2 Bd7 13. h3 Ne5 14. b3 a6 15. f4 Nf7 16. Bb2 b5 17. Ne2 $14 Bxb2 18. Qxb2 Rb8 19. Qc3 e5 20. dxe6 Bxe6 21. e4 Qc7 22. exf5 gxf5 23. Rfe1 Rfe8 24. g4 bxc4 25. gxf5 Bxf5 26. Ng3 Bg6 27. f5 Ne5 28. fxg6 Nxb3 29. Bd5+ Kh8 30. Nxc4 Nd4 31. Nxe5 dxe5 32. Bf7 Qc6 33. Bxe8 Rxe8 34. g7+ Kxg7 35. Rf1 Re6 36. Qe3 Rg6 37. Kh2 Kg8 38. Rae1 1-0

[Event "ISR-chT 2019"]
[Site "Israel"]
[Date "2019.02.22"]
[Round "7.36"]
[White "Bitensky, Igor"]
[Black "Klenburg, Michael"]
[Result "0-1"]
[ECO "C02"]
[WhiteElo "2375"]
[BlackElo "2359"]
[Annotator "NA"]
[PlyCount "130"]
[EventDate "2019.01.04"]
[EventType "team-tourn"]
[EventCountry "ISR"]
[SourceTitle "playchess.com"]
[Source "ChessBase"]
[SourceQuality "1"]
[TimeControl "40/5400+30:1800+30"]

1. e4 e6 2. d4 d5 3. e5 c5 4. c3 Qb6 5. Nf3 Nc6 6. Na3 cxd4 7. cxd4 Bd7 8. Nc2 Rc8 {[%emt 0:04:13] C02: French: Advance Variation} 9. Bd3 (9. Be2 Nb4 10. Ne3 Bb5 11. O-O Bxe2 12. Qxe2 Qa6 13. Qxa6 Nxa6 14. Bd2 Bb4 15. Rfc1 Ne7 16. Rxc8+ Nxc8 {½-½ (56) Predke,A (2622)-Riazantsev,A (2649) St Petersburg 2018}) 9... Nb4 10. Nxb4 Bxb4+ 11. Bd2 Bb5 12. Bxb5+ Qxb5 13. Qb3 $146 ({Predecessor:} 13. Bxb4 Qxb4+ {½-½ (22) Bit Narva,D (1996)-Bergstrom,R (2262) Stockholm 2014}) 13... Bxd2+ 14. Nxd2 Qa6 15. a4 Ne7 16. Qb5+ Rc6 17. Nb3 Qb6 18. O-O a6 19. Qd3 Rc4 20. Rfd1 Nc6 21. a5 Qb5 22. Ra3 O-O 23. h4 {[%emt 0:02:09] [#]} (23. Qd2 $17) 23... Nb4 $19 24. Qg3 Nc2 25. Ra2 h6 26. Kh2 Rfc8 27. f4 Rb4 28. Rd3 Rcc4 29. f5 Nxd4 30. Nxd4 Rxd4 31. Rxd4 Rxd4 32. fxe6 fxe6 33. Ra3 Qc4 34. Kh3 Qc1 35. Kh2 Rd1 36. Qf2 Rh1+ 37. Kg3 Qc4 38. Qf4 Qxf4+ 39. Kxf4 Rxh4+ 40. Kf3 Rb4 41. Rc3 h5 42. Rc7 Kf8 43. Ke3 Rxb2 44. Kf4 Rxg2 45. Rxb7 Rg4+ 46. Kf3 Re4 47. Rb6 Rxe5 48. Rxa6 d4 49. Ra8+ Kf7 50. a6 d3 51. Ra7+ Kf6 52. Rd7 Ra5 53. a7 d2 54. Ke2 Ra2 55. Kd1 g5 56. Ke2 h4 57. Rh7 e5 58. Kd1 Kf5 59. Ke2 Kg4 60. Kd1 h3 61. Ke2 Kg3 62. Rg7 g4 63. Rh7 Kg2 64. Rd7 h2 65. Rxd2 Rxa7 0-1

[Event "ISR-chT 2019"]
[Site "Israel"]
[Date "2019.03.08"]
[Round "9.2"]
[White "Poleg, Dan"]
[Black "Shvidler, Eliahu"]
[Result "1/2-1/2"]
[ECO "D36"]
[WhiteElo "2264"]
[BlackElo "2357"]
[Annotator "NA RC"]
[PlyCount "86"]
[EventDate "2019.01.04"]
[EventType "team-tourn"]
[EventCountry "ISR"]
[SourceTitle "playchess.com"]
[Source "ChessBase"]
[SourceQuality "1"]
[TimeControl "40/5400+30:1800+30"]

1. d4 Nf6 2. c4 e6 3. Nf3 d5 4. Nc3 Nbd7 5. Bg5 c6 6. e3 Be7 7. Qc2 O-O 8. cxd5 exd5 9. Bd3 Re8 10. Ne5 Nf8 11. O-O Ng4 12. Bf4 Bd6 13. Nxg4 Bxf4 14. exf4 Bxg4 15. f5 f6 16. Na4 Rc8 17. h3 Bh5 18. b4 Qd6 19. Qd2 Re7 20. Rfe1 Rce8 21. Rxe7 Rxe7 22. Nc5 Bf7 23. a4 g6 24. a5 Kg7 25. Rc1 gxf5 26. Bxf5 Bg6 27. Bxg6 hxg6 28. Re1 b6 29. Rxe7+ Qxe7 30. Nd3 Ne6 31. Qc3 Qd6 32. axb6 axb6 33. Qa1 Nf4 34. Nxf4 Qxf4 35. g3 Qc7 36. Qa6 g5 37. Kg2 Qe7 38. Qxb6 Qe4+ 39. Kh2 Qe2 40. Kg2 Qe4+ 41. Kf1 Qb1+ 42. Ke2 Qc2+ 43. Ke3 Qc3+ 1/2-1/2

[Event "ISR-chT 2019"]
[Site "Israel"]
[Date "2019.03.08"]
[Round "9.3"]
[White "Kundin, Alexander"]
[Black "Tifferet, Shaked"]
[Result "0-1"]
[ECO "B23"]
[WhiteElo "2311"]
[BlackElo "2233"]
[Annotator "NA RC"]
[PlyCount "90"]
[EventDate "2019.01.04"]
[EventType "team-tourn"]
[EventCountry "ISR"]
[SourceTitle "playchess.com"]
[Source "ChessBase"]
[SourceQuality "1"]
[TimeControl "40/5400+30:1800+30"]

1. e4 c5 2. Nc3 d6 3. f4 Nc6 4. Nf3 g6 5. Bc4 Bg7 6. O-O e6 7. d3 Nge7 8. f5 d5 9. Bb3 gxf5 10. exd5 exd5 11. Ng5 h6 12. Nh3 Be6 13. Nf4 Qd7 14. Nh5 Be5 15. Bf4 O-O-O 16. Qd2 Bxf4 17. Qxf4 Qc7 18. Rae1 Nd4 19. Ne2 Nec6 20. Nxd4 Nxd4 21. c3 Nxb3 22. axb3 d4 23. c4 Qxf4 24. Nxf4 Kd7 25. Re5 Rc8 26. Rfe1 Rhe8 27. Nh5 Rf8 $11 28. Nf4 Rc6 29. Nd5 f6 30. R5e2 Bxd5 31. cxd5 Rb6 32. Re7+ Kd6 33. R1e6+ Kxd5 34. Rxb6 axb6 35. Rxb7 Kc6 36. Rh7 Kb5 37. Rxh6 Kb4 38. Rh5 Kxb3 39. Rxf5 Kc2 40. Rf3 c4 41. dxc4 d3 42. Kf2 d2 43. Rc3+ Kxb2 44. Rd3 Kc2 45. Ke2 Re8+ 0-1

[Event "ISR-chT 2019"]
[Site "Israel"]
[Date "2019.03.08"]
[Round "9.4"]
[White "Poleg, Matan"]
[Black "Aharonovich, Itamar"]
[Result "1/2-1/2"]
[ECO "E14"]
[WhiteElo "2195"]
[BlackElo "2288"]
[Annotator "NA RC"]
[PlyCount "181"]
[EventDate "2019.01.04"]
[EventType "team-tourn"]
[EventCountry "ISR"]
[SourceTitle "playchess.com"]
[Source "ChessBase"]
[SourceQuality "1"]
[TimeControl "40/5400+30:1800+30"]

1. d4 Nf6 2. c4 e6 3. Nf3 b6 4. e3 Bb7 5. Bd3 d5 6. O-O Be7 7. cxd5 exd5 8. b3 O-O 9. Bb2 c5 10. Nc3 Nbd7 11. Ne5 a6 12. Ne2 Bd6 13. Ng3 g6 14. Nxd7 Nxd7 15. Qg4 Nf6 16. Qf3 Ne4 17. dxc5 Nxg3 18. hxg3 bxc5 19. g4 Re8 20. Bf6 Be7 21. Be5 Bd6 22. Bf6 Be7 23. Be5 Qd7 24. Qf4 Bf8 25. Rac1 Qe6 26. Bf6 Rac8 27. Bb2 Bd6 28. Qg5 Be7 29. Qh6 Bf8 30. Qf4 Bd6 31. Qg5 Be7 32. Qh6 d4 33. exd4 Qxg4 34. d5 Bf8 35. Qd2 Bd6 36. Bc4 Bf4 37. Qc3 Be5 38. Qxe5 Rxe5 39. Bxe5 Rd8 40. Rfe1 Qf5 41. Rcd1 h5 42. Bc7 Rd7 43. Re8+ Kh7 44. Be5 f6 45. Bd6 h4 46. Rd3 Rxd6 47. Re7+ Kh6 48. Rxb7 Qe5 49. Re3 Qa1+ 50. Kh2 Qxa2 51. Re2 Qa1 52. Rbe7 f5 53. R7e6 Qd4 54. Kg1 Rxd5 55. Bxd5 Qxd5 56. R6e3 c4 57. bxc4 Qxc4 58. Re1 Kh5 59. Ra3 g5 60. Ra5 Kg4 61. Rea1 f4 62. Rxa6 h3 63. R6a4 Qc6 64. gxh3+ Kxh3 65. R4a3+ Kh4 66. Ra6 Qd7 67. Rh6+ Kg4 68. Rb1 Qd3 69. Rhb6 Qh3 70. R6b4 Kh5 71. Rb8 Qg4+ 72. Kh1 Qh3+ 73. Kg1 Qg4+ 74. Kh1 Qf3+ 75. Kg1 Qc3 76. R8b3 Qc8 77. Rb8 Qc5 78. R8b5 Qd4 79. R5b4 Qd7 80. Rb7 Qf5 81. Rb8 f3 82. R1b4 Qe5 83. Rb1 Qd4 84. R8b4 Qd7 85. Kh2 Qd6+ 86. Kg1 Qe5 87. Rb5 Qd6 88. R5b4 Qe6 89. Kh2 Qd6+ 90. Kg1 Qd3 91. Kh2 1/2-1/2

[Event "ISR-chT 2019"]
[Site "Israel"]
[Date "2019.03.08"]
[Round "9.5"]
[White "Kreizberg, Michael"]
[Black "Kudischewitsch, David"]
[Result "1/2-1/2"]
[ECO "A50"]
[WhiteElo "2305"]
[BlackElo "2350"]
[Annotator "NA RC"]
[PlyCount "126"]
[EventDate "2019.01.04"]
[EventType "team-tourn"]
[EventCountry "ISR"]
[SourceTitle "playchess.com"]
[Source "ChessBase"]
[SourceQuality "1"]
[TimeControl "40/5400+30:1800+30"]

1. d4 Nf6 2. c4 c6 3. Nf3 b5 4. cxb5 Qa5+ 5. Bd2 Qxb5 6. Nc3 Qb6 7. e4 e6 8. e5 Nd5 9. Na4 Qd8 10. Ng5 f5 11. Bc4 Nb6 12. Nxb6 Qxb6 13. Bc3 Be7 14. h4 Na6 15. Qd2 Nb4 16. a3 Nd5 17. Ba5 Qb8 18. O-O O-O 19. Rfe1 Bb7 20. Bxd5 cxd5 21. Bb4 Bxb4 22. Qxb4 Bc6 23. Qd2 a5 24. b4 axb4 25. axb4 Qb6 26. Ra5 Bb5 27. Rea1 Rac8 28. Nf3 h6 29. Ne1 Rc7 30. Ra8 Rcc8 31. R8a5 Rc7 32. Nc2 Rb8 33. Ra8 Rcc8 34. Rxb8 Qxb8 35. Ra5 Kh7 36. Na3 Bc6 37. Rc5 Qa7 38. Qc3 Ra8 39. Ra5 Qb8 40. b5 Bb7 41. Rxa8 Qxa8 42. Qc5 Qa5 43. Nc2 Qd2 44. Ne3 Qe1+ 45. Nf1 Qb1 46. h5 f4 47. Qf8 Qxb5 48. Qxf4 Ba6 49. Ne3 Qe2 50. f3 Qd2 51. Kh2 Qf2 52. Kh3 Bd3 53. Ng4 Qg1 54. Qe3 Qh1+ 55. Nh2 Qd1 56. g4 Kg8 57. Kg3 Bc4 58. Kf4 Qc2 59. Kg3 Qd1 60. Kf2 Qh1 61. Kg3 Qd1 62. Kg2 Qc2+ 63. Kg3 Qd1 1/2-1/2

[Event "ISR-chT 2019"]
[Site "Israel"]
[Date "2019.03.08"]
[Round "9.6"]
[White "Lurie, Michael"]
[Black "Gershkowich, David"]
[Result "1-0"]
[ECO "A10"]
[WhiteElo "2336"]
[BlackElo "2201"]
[Annotator "NA RC"]
[PlyCount "65"]
[EventDate "2019.01.04"]
[EventType "team-tourn"]
[EventCountry "ISR"]
[SourceTitle "playchess.com"]
[Source "ChessBase"]
[SourceQuality "1"]
[TimeControl "40/5400+30:1800+30"]

1. Nf3 e6 2. b3 f5 3. Bb2 Nf6 4. c4 Be7 5. d3 O-O 6. Nbd2 d6 7. g3 c6 8. Bg2 e5 9. Qc2 a5 10. c5 e4 11. cxd6 Bxd6 12. dxe4 Nxe4 13. Nxe4 fxe4 14. Qxe4 Bb4+ 15. Kf1 Bf5 16. Qc4+ Kh8 17. a3 Bd6 18. h4 Qe7 19. h5 b5 20. Qh4 h6 21. Qxe7 Bxe7 22. Nh4 Bh7 23. Rd1 Bc5 24. f4 Ra7 25. Ng6+ Bxg6 26. hxg6 Kg8 27. Rh5 Bb6 28. Re5 Bd8 29. Re6 c5 30. Be5 Be7 31. Bd5 Kh8 32. Kg2 Rd8 33. e4 1-0

[Event "ISR-chT 2019"]
[Site "Israel"]
[Date "2019.03.08"]
[Round "9.8"]
[White "Flom, Gabriel"]
[Black "Parkhov, Yair"]
[Result "1-0"]
[ECO "D46"]
[WhiteElo "2460"]
[BlackElo "2348"]
[Annotator "RC"]
[PlyCount "95"]
[EventDate "2019.01.04"]
[EventType "team-tourn"]
[EventCountry "ISR"]
[SourceTitle "playchess.com"]
[Source "ChessBase"]
[SourceQuality "1"]
[TimeControl "40/5400+30:1800+30"]

1. d4 d5 2. c4 c6 3. Nc3 Nf6 4. Nf3 e6 5. e3 Nbd7 6. Qc2 Bd6 7. Bd3 dxc4 8. Bxc4 b5 9. Be2 O-O 10. O-O a6 11. e4 e5 12. Bg5 Qc7 13. dxe5 Nxe5 14. Bxf6 Nxf3+ 15. Bxf3 gxf6 16. g3 Be6 17. Nd1 Rad8 18. Ne3 Rfe8 19. Bg4 Bf8 20. Bf5 Rd4 21. Rad1 Rxd1 22. Rxd1 c5 23. Qe2 Qe7 24. Qg4+ Bg7 25. Qh5 h6 26. Nd5 Bxd5 27. Rxd5 c4 28. Rd7 Qf8 29. Ra7 Ra8 30. Rc7 Rd8 31. h4 a5 32. Rc5 Rb8 33. Bd7 Qe7 34. Bxb5 c3 35. bxc3 Qxe4 36. Qd5 Qe1+ 37. Kg2 Qe7 38. Bc4 Rd8 39. Qf5 a4 40. Bd5 Kf8 41. Bf3 Qe6 42. Qc2 a3 43. c4 Qe7 44. Rb5 f5 45. Rxf5 Bd4 46. Bd5 f6 47. Rf4 Be5 48. Rg4 1-0

[Event "ISR-chT 2019"]
[Site "Israel"]
[Date "2019.03.08"]
[Round "9.9"]
[White "Galburd, Yan"]
[Black "Deutsch, Eyal"]
[Result "1-0"]
[ECO "A45"]
[WhiteElo "2408"]
[BlackElo "2345"]
[Annotator "NA RC"]
[PlyCount "85"]
[EventDate "2019.01.04"]
[EventType "team-tourn"]
[EventCountry "ISR"]
[SourceTitle "playchess.com"]
[Source "ChessBase"]
[SourceQuality "1"]
[TimeControl "40/5400+30:1800+30"]

1. d4 Nf6 2. Bf4 c5 3. e3 Qb6 4. Nf3 d6 5. Nc3 Bg4 6. Bb5+ Nbd7 7. O-O a6 8. Be2 e6 9. h3 Bh5 10. b3 Qa5 11. Nb1 Nd5 12. Bh2 Nc3 13. Nxc3 Qxc3 14. dxc5 Qxc5 15. c4 Be7 16. Qd2 Nf6 17. Rfd1 Rd8 18. Rac1 O-O 19. Nd4 Bg6 20. b4 Qb6 21. f3 Nd7 22. Kh1 Ne5 23. a4 Nc6 24. a5 Qa7 25. Bg1 Nxd4 26. exd4 d5 27. c5 Rc8 28. Bh2 Bd8 29. Bd6 Re8 30. b5 Qa8 31. b6 Be7 32. Bg3 f6 33. Qe3 Bf8 34. Rc3 Bf7 35. Rdc1 g6 36. Bd1 e5 37. Ba4 Re7 38. dxe5 Qb8 39. c6 bxc6 40. f4 Bh6 41. Rxc6 Rxc6 42. Bxc6 fxe5 43. Qc5 1-0

[Event "ISR-chT 2019"]
[Site "Israel"]
[Date "2019.03.08"]
[Round "9.18"]
[White "Gorshtein, Ido"]
[Black "Huzman, Alexander"]
[Result "1/2-1/2"]
[ECO "B23"]
[WhiteElo "2380"]
[BlackElo "2579"]
[Annotator "ChessBase"]
[PlyCount "90"]
[EventDate "2019.01.04"]
[EventType "team-tourn"]
[EventCountry "ISR"]
[SourceTitle "playchess.com"]
[Source "ChessBase"]
[SourceQuality "1"]
[TimeControl "40/5400+30:1800+30"]

1. e4 c5 2. Ne2 Nf6 3. Nbc3 Nc6 4. g3 d5 5. exd5 Nd4 6. Bg2 Bg4 7. h3 Bf3 8. Bxf3 Nxf3+ 9. Kf1 Nxd5 10. Nf4 Nxf4 11. Qxf3 Ne6 12. Qxb7 Qc8 13. Qb5+ Qd7 14. Qxd7+ Kxd7 15. Nb5 g6 16. d3 Bg7 17. c3 h5 18. h4 Rab8 19. Na3 Nc7 20. Ke2 Nd5 21. Kd1 Rhc8 22. Kc2 Rc6 23. Bg5 Re6 24. Rad1 Ra6 25. Bd2 Rbb6 26. Rhe1 Rf6 27. f4 Rfc6 28. Re2 e6 29. Rc1 Ne7 30. Be1 Nf5 31. Rd1 Ra5 32. Bf2 Rca6 33. Ra1 Rxa3 34. bxa3 Rxa3 35. Be1 c4 36. d4 Ne7 37. Kb2 Ra6 38. Kc1 Nd5 39. Rb2 Kc7 40. a4 Rb6 41. a5 Rxb2 42. Kxb2 Kc6 43. Bd2 a6 44. Kc2 Bf8 45. Bc1 Bd6 1/2-1/2

[Event "ISR-chT 2019"]
[Site "Israel"]
[Date "2019.03.08"]
[Round "9.19"]
[White "Dvoirys, Semen I."]
[Black "Baron, Tal"]
[Result "1/2-1/2"]
[ECO "C70"]
[WhiteElo "2519"]
[BlackElo "2517"]
[Annotator "RC"]
[PlyCount "80"]
[EventDate "2019.01.04"]
[EventType "team-tourn"]
[EventCountry "ISR"]
[SourceTitle "playchess.com"]
[Source "ChessBase"]
[SourceQuality "1"]
[TimeControl "40/5400+30:1800+30"]

1. e4 e5 2. Nf3 Nc6 3. Bb5 g6 4. c3 a6 5. Ba4 Bg7 6. d4 exd4 7. cxd4 b5 8. Bc2 d6 9. h3 Nge7 10. Nc3 O-O 11. O-O Bb7 12. a4 Nb4 13. Bb1 bxa4 14. Rxa4 a5 15. Re1 h6 16. Ra3 f5 17. exf5 Nxf5 18. Be4 c6 19. Ne2 Qf6 20. Nf4 Rfe8 21. g4 Nxd4 22. Nxd4 Qxd4 23. Bxg6 Qxd1 24. Rxd1 Re7 25. Nh5 Bh8 26. Bxh6 Bxb2 27. Rb3 Bh8 28. Rxd6 Re1+ 29. Kg2 c5+ 30. f3 Re2+ 31. Kf1 Ba6 32. Rxa6 Rxa6 33. Kxe2 Rxg6 34. Bc1 a4 35. Re3 Ra6 36. f4 Bd4 37. Ra3 Nc2 38. Ra2 Nb4 39. Ra3 Nc2 40. Ra2 Nb4 1/2-1/2

[Event "ISR-chT 2019"]
[Site "Israel"]
[Date "2019.03.08"]
[Round "9.21"]
[White "Vydeslaver, Alik"]
[Black "Raznikov, Danny"]
[Result "0-1"]
[ECO "D11"]
[WhiteElo "2388"]
[BlackElo "2497"]
[Annotator "RC"]
[PlyCount "126"]
[EventDate "2019.01.04"]
[EventType "team-tourn"]
[EventCountry "ISR"]
[SourceTitle "playchess.com"]
[Source "ChessBase"]
[SourceQuality "1"]
[TimeControl "40/5400+30:1800+30"]

1. Nf3 d5 2. g3 Bg4 3. Bg2 Nd7 4. d4 e6 5. O-O Ngf6 6. c4 c6 7. b3 Be7 8. Bb2 O-O 9. Nbd2 h6 10. h3 Bf5 11. Ne5 a5 12. a3 Qb6 13. Nxd7 Nxd7 14. Re1 Rfd8 15. e3 Qa7 16. Bc3 b5 17. c5 e5 18. b4 Bf6 19. f4 exf4 20. exf4 Re8 21. Nf3 Rxe1+ 22. Qxe1 axb4 23. axb4 Qb7 24. Nd2 Rxa1 25. Qxa1 Nf8 26. Nb3 Qd7 27. Qf1 Ne6 28. Qf2 Be4 29. Bf1 Bd8 30. Nd2 f5 31. h4 h5 32. Nb3 Bf6 33. Qa2 Kh7 34. Be2 Qf7 35. Qd2 Qg6 36. Kf2 Bxh4 37. gxh4 Qg2+ 38. Ke1 Qg3+ 39. Kd1 Nxf4 40. Bf1 Qf3+ 41. Ke1 Qg3+ 42. Kd1 Qxh4 43. Qe3 Qg4+ 44. Kc1 h4 45. Be1 h3 46. Qg3 Bg2 47. Nd2 Bxf1 48. Qxg4 fxg4 49. Nxf1 Ne2+ 50. Kd2 Nxd4 51. Bg3 Kg6 52. Kd3 Nf3 53. Ke3 Kg5 54. Kd3 Kg6 55. Ke3 Kg5 56. Kd3 h2 57. Nxh2 Nxh2 58. Bxh2 Kh4 59. Be5 g3 60. Ke2 Kh3 61. Kf3 g2 62. Kf2 d4 63. Kg1 d3 0-1

[Event "ISR-chT 2019"]
[Site "Israel"]
[Date "2019.03.08"]
[Round "9.24"]
[White "Bronstein, Or"]
[Black "Klenburg, Michael"]
[Result "1-0"]
[ECO "C41"]
[WhiteElo "2396"]
[BlackElo "2359"]
[Annotator "NA RC"]
[PlyCount "75"]
[EventDate "2019.01.04"]
[EventType "team-tourn"]
[EventCountry "ISR"]
[SourceTitle "playchess.com"]
[Source "ChessBase"]
[SourceQuality "1"]
[TimeControl "40/5400+30:1800+30"]

1. d4 d6 2. e4 Nf6 3. Nc3 e5 4. Nf3 Nbd7 5. Bc4 Be7 6. O-O O-O 7. Re1 a6 8. a4 b6 9. Nd5 Bb7 10. Nxe7+ Qxe7 11. Bd3 exd4 12. Nxd4 Nc5 13. b4 Nxd3 14. cxd3 Qe5 15. Rb1 Bc8 16. Bb2 Qh5 17. Qc1 c5 18. bxc5 bxc5 19. Nc6 Ne8 20. Re3 f6 21. d4 cxd4 22. Bxd4 Qf7 23. Reb3 Nc7 24. Be3 Re8 25. Rc3 Ne6 26. Qd1 Nf8 27. f3 f5 28. Qxd6 fxe4 29. fxe4 Qe6 30. Qd5 Bd7 31. Bd4 $18 Qxd5 32. exd5 Ng6 33. Rb7 Nf8 34. Rf3 Re4 35. Bc3 Rc4 36. Ne5 Rac8 37. Nxc4 Rxc4 38. Bb4 1-0

[Event "ISR-chT 2019"]
[Site "Israel"]
[Date "2019.03.08"]
[Round "9.30"]
[White "Ganor, Dotan"]
[Black "Kantsler, Boris"]
[Result "1/2-1/2"]
[ECO "B07"]
[WhiteElo "2269"]
[BlackElo "2398"]
[Annotator "NA"]
[PlyCount "63"]
[EventDate "2019.01.04"]
[EventType "team-tourn"]
[EventCountry "ISR"]
[SourceTitle "playchess.com"]
[Source "ChessBase"]
[SourceQuality "1"]
[TimeControl "40/5400+30:1800+30"]

1. e4 g6 2. d4 Bg7 3. Nc3 d6 4. g3 Nf6 5. Bg2 O-O 6. Nge2 Nbd7 7. O-O c5 8. h3 Rb8 9. dxc5 Nxc5 10. Be3 b6 11. Nf4 e6 12. Nd3 Ba6 13. Re1 Qe7 14. e5 dxe5 15. Nxe5 Bb7 16. Nc6 Bxc6 17. Bxc6 Rbc8 18. Bg2 Rfd8 19. Qe2 Ne8 20. Rad1 Nd6 21. Bd4 Bxd4 22. Rxd4 Ne8 23. Red1 Rxd4 24. Rxd4 Rd8 25. Qd2 Rxd4 26. Qxd4 Qd6 27. Nb5 Qxd4 28. Nxd4 Nd6 29. Kf1 Kf8 30. Ke2 Na4 31. b3 Nc5 32. Ke1 1/2-1/2

[Event "ISR-chT 2019"]
[Site "Israel"]
[Date "2019.03.08"]
[Round "9.32"]
[White "Rechlis, Gad"]
[Black "Finkel, Alexander"]
[Result "1/2-1/2"]
[ECO "B07"]
[WhiteElo "2526"]
[BlackElo "2443"]
[Annotator "RC"]
[PlyCount "136"]
[EventDate "2019.01.04"]
[EventType "team-tourn"]
[EventCountry "ISR"]
[SourceTitle "playchess.com"]
[Source "ChessBase"]
[SourceQuality "1"]
[TimeControl "40/5400+30:1800+30"]

1. e4 d6 2. d4 Nf6 3. Nc3 g6 4. Be3 a6 5. Be2 Bg7 6. e5 Nfd7 7. exd6 cxd6 8. Qd2 Nf6 9. Nf3 b5 10. Bh6 O-O 11. h4 Bg4 12. h5 Bxh5 13. Bxg7 Kxg7 14. Ng5 Bxe2 15. Nxh7 Nxh7 16. Qh6+ Kf6 17. Qh4+ Ng5 18. Kxe2 d5 19. f4 e6 20. Qxg5+ Kg7 21. Qh6+ Kf6 22. f5 exf5 23. Kd3 Nc6 24. g4 Nb4+ 25. Kd2 Rh8 26. Qf4 Qb8 27. Qf2 Qd6 28. gxf5 g5 29. Rag1 Qf4+ 30. Qxf4 gxf4 31. a3 Nc6 32. Nxd5+ Kxf5 33. Kd3 Rag8 34. c3 Rxh1 35. Rxh1 Rg3+ 36. Ke2 Rg2+ 37. Kf3 Rg3+ 38. Kf2 Ke4 39. Rh5 Rg6 40. Nc7 f5 41. Nxa6 Kd3 42. Rxf5 Kc2 43. Rxb5 Na7 44. Nb4+ Kxb2 45. Rb7 Nc8 46. Nd5+ Kc2 47. Kf3 Rg1 48. Kxf4 Nd6 49. Rb4 Kd3 50. a4 Ne4 51. a5 Nxc3 52. Rb3 Kc4 53. Rxc3+ Kxd5 54. Ke3 Re1+ 55. Kd3 Rd1+ 56. Kc2 Ra1 57. Rh3 Kxd4 58. Rh5 Kc4 59. Kb2 Rg1 60. a6 Kb4 61. a7 Rg2+ 62. Kb1 Rg1+ 63. Kc2 Ra1 64. Rh7 Kb5 65. Kb2 Ra6 66. Kb3 Kb6 67. Rh6+ Kxa7 68. Rxa6+ Kxa6 1/2-1/2

[Event "ISR-chT 2019"]
[Site "Israel"]
[Date "2019.03.08"]
[Round "9.35"]
[White "Gershon, Alik"]
[Black "Bitensky, Igor"]
[Result "1-0"]
[ECO "E93"]
[WhiteElo "2431"]
[BlackElo "2375"]
[Annotator "NA RC"]
[PlyCount "71"]
[EventDate "2019.01.04"]
[EventType "team-tourn"]
[EventCountry "ISR"]
[SourceTitle "playchess.com"]
[Source "ChessBase"]
[SourceQuality "1"]
[TimeControl "40/5400+30:1800+30"]

1. d4 Nf6 2. c4 g6 3. Nc3 Bg7 4. e4 d6 5. Be2 O-O 6. Nf3 e5 7. d5 Nbd7 8. Qc2 a5 9. Bg5 h6 10. Bh4 g5 11. Bg3 Nh5 12. h4 g4 13. Nh2 Nxg3 14. fxg3 h5 15. O-O Nc5 16. Bd3 Bh6 17. Qe2 c6 18. Kh1 Qb6 19. Rad1 Nxd3 20. Qxd3 Qd4 21. dxc6 bxc6 22. Qb1 Qxc4 23. Rf6 Bg7 24. Rfxd6 f5 25. exf5 Bxf5 26. Qc1 Ra7 27. Nf1 Qc5 28. Rd8 Rxd8 29. Rxd8+ Kh7 30. Qg5 Bg6 31. Ne3 Rf7 32. Ne4 Qb4 33. Nd6 Qe1+ 34. Kh2 Rf3 35. Ndf5 Rxe3 36. Rd7 1-0